 Dungeon Crawl Stone Soup version 0.30.1-3-gfc49f6343a (webtiles) character file.

Game seed: 5182688631504224210

6570 Peloso the Carver (level 10, -3/91 HPs)
             Began as a Minotaur Fighter on July 29, 2023.
             Was a Priest of Okawaru.
             Slain by Grum
             ... wielding a +1 halberd
              (13 damage)
             ... on level 10 of the Dungeon.
             The game lasted 00:14:14 (8588 turns).

Peloso the Carver (Minotaur Fighter)                Turns: 8588, Time: 00:14:15

Health: -3/91      AC: 15    Str: 26    XL:     10   Next: 70%
Magic:  9/9        EV:  7    Int:  5    God:    Okawaru [***...]
Gold:   296        SH:  9    Dex: 19    Spells: 9/9 levels left

rFire   + . .        a - +0 long sword
rCold   . . .        d - -2 kite shield of the Hurricane {rElec Str+4}
rNeg    . . .        c - +0 plate armour
rPois   .            (helmet restricted)
rElec   +            (no cloak)
rCorr   .            (no gloves)
SInv    .            (no boots)
Will    .....        x - amulet of regeneration Stlth
                     s - +6 ring of dexterity
HPRegen 1.15/turn    e - ring of protection from fire
MPRegen 0.11/turn

%: no passive effects
@: no status effects
A: horns 2, retaliatory headbutt
a: Renounce Religion, Heroism


You were on level 10 of the Dungeon.
You worshipped Okawaru.
Okawaru was most pleased with you.
You visited 2 branches of the dungeon, and saw 11 of its levels.

You collected 543 gold pieces.
You spent 247 gold pieces at shops.

Inventory:

Hand Weapons
 a - a +0 long sword (weapon)
 b - a +2 hand axe of flaming
Missiles
 h - 9 throwing nets (quivered)
Armour
 c - a +0 plate armour (worn)
 d - the -2 kite shield of the Hurricane (worn) {rElec Str+4}
   (You took it off an orc on level 8 of the Dungeon)

   Str:       It affects your strength (+4).
   rElec:     It insulates you from electricity.
 C - the +1 pair of boots "Con Wag" {rElec rF- rC+ rCorr}
   (You bought it in a shop on level 4 of the Dungeon)

   rF:        It makes you vulnerable to fire.
   rC:        It protects you from cold.
   rElec:     It insulates you from electricity.
   rCorr:     It protects you from acid and corrosion.
Jewellery
 e - a ring of protection from fire (right hand)
 s - a +6 ring of dexterity (left hand)
 v - an amulet of guardian spirit
 x - an amulet of regeneration (around neck)
 J - an amulet of magic regeneration
Wands
 g - a wand of digging (6)
 n - a wand of flame (52)
 t - a wand of iceblast (24)
Scrolls
 f - 8 scrolls of teleportation
 j - a scroll of identify
 l - 2 scrolls of enchant weapon
 q - a scroll of blinking
 y - a scroll of butterflies
 B - 2 scrolls of magic mapping
 G - a scroll of silence
 H - 2 scrolls of immolation
 K - a scroll of poison
Potions
 i - 3 potions of brilliance
 k - a potion of magic
 m - a potion of might
 o - 2 potions of invisibility
 p - 5 potions of curing
 r - 2 potions of lignification
 z - a potion of mutation
 A - 2 potions of berserk rage {unknown}
 D - 2 potions of haste {unknown}
 E - 2 potions of ambrosia {unknown}
 F - 5 potions of flight {unknown}
 L - a potion of cancellation {unknown}


   Skills:
 + Level 9.2 Fighting
 + Level 12.2 Long Blades
 + Level 11.5 Armour
 + Level 1.1 Dodging
 + Level 1.3 Stealth
 + Level 7.4 Shields
 + Level 0.2 Invocations
 + Level 0.1 Evocations


You had 9 spell levels left.
You didn't know any spells.
Your spell library contained the following spells:

 Spells                   Type           Power      Damage    Failure   Level
 Shock                    Conj/Air       0%         1d3       100%        1
 Slow                     Hex            0%         N/A       100%        1
 Sting                    Tmut/Pois      0%         1d3       100%        1
 Ensorcelled Hibernation  Hex/Ice        0%         N/A       100%        2
 Passwall                 Tmut/Erth      0%         N/A       100%        2
 Poisonous Vapours        Pois/Air       0%         N/A       100%        2
 Confusing Touch          Hex            0%         N/A       100%        3
 Swiftness                Air            0%         N/A       100%        3
 Vampiric Draining        Necr           0%         2d6       100%        3


Dungeon Overview and Level Annotations

Branches:
Dungeon (10/15)            Temple (1/1) D:7            Lair (0/5) D:8
    Orc: D:9-12

Altars:
Ashenzari
Cheibriados
Fedhas
Hepliaklqana
Makhleb
Nemelex Xobeh
Okawaru
Qazlal
Ru
Sif Muna
Trog
Uskayaw
Vehumet
Wu Jian
Xom
Zin
The Shining One

Shops:
D:1 (   D:3 [   D:4 [   D:5 *   D:8 (=

Annotations:
D:8 3 runed translucent doors, ripuliukko's ghost, novice DEEE
D:10 Grum


Innate Abilities, Weirdness & Mutations

You have a pair of horns on your head.
You reflexively headbutt those who attack you in melee.


Message History

Grum is moderately wounded.
You feel sick. Grum hits you with a +1 halberd.
You hit Grum but do no damage. Your headbutt misses Grum.
Grum is moderately wounded.
You feel sick. Grum hits you with a +1 halberd!
* * * LOW HITPOINT WARNING * * *
You barely miss Grum. You headbutt Grum!
Grum is heavily wounded.
You feel sick.
You closely miss Grum.
Grum is heavily wounded.
Grum hits you with a +1 halberd!
* * * LOW HITPOINT WARNING * * *
You hit Grum. You headbutt Grum, but do no damage.
Grum is heavily wounded.
You feel sick.
You are no longer poisoned.
You block Grum's attack.
You feel much better. Grum hits you with a +1 halberd.
* * * LOW HITPOINT WARNING * * *
You fail to use your ability.
Grum hits you but does no damage.
You hit Grum but do no damage.
Grum is heavily wounded.
Grum hits you with a +1 halberd!
* * * LOW HITPOINT WARNING * * *
Unknown command.
You hit Grum but do no damage. Your headbutt misses Grum.
Grum is heavily wounded.
Grum points his finger and shouts, "King!
Sic 'em!"
Grum closely misses you.
Unknown command.
You barely miss Grum.
Grum is heavily wounded.
Grum hits you with a +1 halberd!
* * * LOW HITPOINT WARNING * * *
Unknown command.
You hit Grum but do no damage. You headbutt Grum, but do no damage.
Grum is heavily wounded.
Grum hits you with a +1 halberd!
You die...

#....... #.##.#..
####.##.#..
#..........
#.##.##.#..
########.##.##.#..
#...............##
#.######.##.##.##
#@# #.##.##.# #g#
#..<....#


hhW ######.## .._.. .# ##⌠.⌠.# . ...... ## ....... #../..... You could see Grum,
a wraith and 2 wolves.

Vanquished Creatures
  2 trolls
  A hornet (Temple)
  A vampire (D:9)
  A shadow (D:10)
  A wyvern (D:9)
  A ynoxinul (D:9)
  2 wraiths
  A steam dragon (D:8)
  An acid dragon (D:8)
  3 water moccasins
  5 black bears
  4 ice beasts
  A sky beast (D:7)
  3 ogres
  2 phantoms
  3 centaurs
  8 bullfrogs
  A gnoll sergeant (D:7)
  3 kobold brigands
  3 scorpions
  7 wights
  15 killer bees
  An electric eel (D:9)
  4 howler monkeys
  2 orc priests (D:4)
  3 hounds
  A jelly (D:5)
  2 gnoll boudas
  8 orc wizards
  Jessica (D:3)
  14 gnolls
  8 adders
  A shadow imp (D:7)
  An ufetubus (D:6)
  3 worms
  A dart slug (D:1)
  28 orcs
  5 bats
  6 endoplasms
  2 giant cockroaches (D:3)
  15 goblins
  6 hobgoblins
  6 jackals
  3 quokkas
  7 ball pythons
  2 frilled lizards (D:2)
  20 kobolds
  2 rats
221 creatures vanquished.

Notes
Turn   | Place    | Note
-------+----------+-------------------------------------------
     0 | D:1      | Peloso the Minotaur Fighter began the quest for the Orb.
     0 | D:1      | Reached XP level 1. HP: 19/19 MP: 0/0
    89 | D:1      | Found Taqum's Weapon Shop.
    98 | D:1      | Reached XP level 2. HP: 16/27 MP: 1/1
   146 | D:1      | You fall into a shaft and drop 1 floor!
   228 | D:2      | Reached XP level 3. HP: 30/33 MP: 2/2
   350 | D:2      | Found a faded altar of an unknown god.
   645 | D:1      | Reached XP level 4. HP: 41/41 MP: 3/3
  1762 | D:3      | Reached skill level 3 in Long Blades
  1859 | D:3      | Noticed Jessica
  1868 | D:3      | Killed Jessica
  2221 | D:3      | Found Reidd's Antique Armour Boutique.
  2508 | D:4      | Noticed an ogre
  2512 | D:5      | Entered Level 5 of the Dungeon
  2512 | D:5      | Noticed a phantom
  2512 | D:5      | Found Zin's Purification Station.
  2516 | D:5      | Found a glowing silver altar of Zin.
  2526 | D:5      | Killed a phantom
  2527 | D:5      | Reached skill level 4 in Long Blades
  2527 | D:5      | Reached skill level 5 in Armour
  2527 | D:5      | Reached XP level 5. HP: 42/47 MP: 4/4
  2562 | D:5      | Noticed a black bear
  2585 | D:5      | Killed a black bear
  2586 | D:5      | Reached skill level 5 in Fighting
  2586 | D:5      | Reached XP level 6. HP: 47/56 MP: 5/5
  2721 | D:5      | Reached skill level 5 in Long Blades
  3105 | D:5      | Noticed an ice beast
  3117 | D:5      | Killed an ice beast
  3118 | D:5      | Reached XP level 7. HP: 61/61 MP: 6/6
  3122 | D:5      | Reached skill level 6 in Long Blades
  3140 | D:5      | Reached skill level 5 in Shields
  3660 | D:6      | Noticed a wraith
  3673 | D:6      | HP: 3/63 [wraith (10)]
  3675 | D:6      | Killed a wraith
  3676 | D:6      | Reached skill level 7 in Long Blades
  3676 | D:6      | Reached XP level 8. HP: 34/70 MP: 7/7
  4449 | D:4      | Reached skill level 8 in Long Blades
  4544 | D:4      | Identified the +0 dagger "Setomatz" {elec, rC+}
  4616 | D:4      | Reached skill level 1 in Dodging
  4766 | D:4      | Found Wiaklin's Antique Armour Shoppe.
  4790 | D:4      | Bought a pair of fine boots for 247 gold pieces
  4790 | D:4      | Identified the +1 pair of boots "Con Wag" {rElec rF- rC+
                  | rCorr} (You bought it in a shop on level 4 of the Dungeon)
  5110 | D:7      | Reached skill level 9 in Long Blades
  5133 | D:7      | Found a staircase to the Ecumenical Temple.
  5150 | D:7      | Noticed a hornet
  5162 | Temple   | Entered the Ecumenical Temple
  5168 | Temple   | Paralysed by a hornet for 3 turns
  5175 | Temple   | Killed a hornet
  5176 | Temple   | Reached XP level 9. HP: 15/79 MP: 8/8
  5344 | Temple   | Became a worshipper of Warmaster Okawaru
  5453 | D:7      | Found a glowing golden altar of the Shining One.
  5786 | D:7      | Reached skill level 10 in Long Blades
  6127 | D:8      | Found a runed translucent gate.
  6127 | D:8      | Found a runed translucent gate.
  6127 | D:8      | Found a runed translucent gate.
  6129 | D:8      | Noticed ripuliukko's ghost (novice DEEE)
  6164 | D:8      | Found Gesoox's Antique Weapon Emporium.
  6310 | D:7      | Reached * piety under Okawaru
  6350 | D:7      | Reached skill level 10 in Armour
  6358 | D:8      | Reached skill level 1 in Stealth
  6369 | D:8      | Found a staircase to the Lair.
  6517 | D:8      | Reached skill level 11 in Long Blades
  6827 | D:8      | Reached ** piety under Okawaru
  6828 | D:8      | Reached XP level 10. HP: 84/90 MP: 9/9
  6894 | D:8      | Identified the -2 kite shield of the Hurricane {rElec
                  | Str+4}
  6936 | D:8      | Found Zar Icre's Jewellery Emporium.
  7671 | D:9      | Found a snail-covered altar of Cheibriados.
  7874 | D:9      | Identified the orb of Oceamua {mayhem, rCorr Str+4 Int+4
                  | Dex-2}
  7886 | D:9      | Identified the staff of fire "Iricame" {rPois rF+}
  8154 | D:9      | Found a bloodstained altar of Trog.
  8206 | D:9      | Found a shimmering blue altar of Sif Muna.
  8210 | D:9      | Got Sif Muna's Tome of the Reformed Squall
  8373 | D:10     | Entered Level 10 of the Dungeon
  8498 | D:10     | Found a shimmering altar of Xom.
  8508 | D:10     | Reached *** piety under Okawaru
  8509 | D:10     | Reached skill level 12 in Long Blades
  8549 | D:10     | Found a sparkling altar of Nemelex Xobeh.
  8564 | D:10     | Noticed Grum
  8588 | D:10     | Slain by Grum

Illustrated notes

Levels and vault maps discovered:
D:1:      wheals_arrival_linesprint, layout_loops_ring, serial_shops, shop
D:2:      layout_basic, basic_ecumenical_altar
D:3:      layout_loops_cross, serial_shops, nicolae_lakefront_shop, uniq_jessica
D:4:      layout_rooms, serial_shops, nicolae_shop_rolling_square,
          minmay_ogre_servants
D:5:      layout_basic, zin_purify
D:6:      layout_loops_ring, dk_rats_in_the_wall
D:7:      layout_loops_cross, tso_metal_star, minmay_temple_entry_slanted
D:8:      minmay_inner_zag, layout_basic, due_lair_maze_entry_diamond,
          serial_shops, shop, kennysheep_little_box,
          gammafunk_ghost_nasty_kobolds
D:9:      layout_loops_ring, mainiacjoe_overflow_chevrons,
          nzn_overflow_gifts_of_might_and_magic, minivault_10, fountainhead
D:10:     layout_loops_cross, mainiacjoe_overflow_tiny_flanked,
          nemelex_xobeh_ov_fountains_minmay, grunt_gozag_statues,
          lemuel_zombie_altar_kikubaaqudgha, orc_david_3, uniq_lodul,
          uniq_snorg, uniq_grum
Temple:   cyrus_circular_temple

Skill      XL: |  1  2  3  4  5  6  7  8  9 10 |
---------------+-------------------------------+-----
Fighting       | 4 5 6 7 8 9 |  9.2
Armour         | 4 5 6 8 10 11 | 11.5
Shields        | 4 5 6 7 |  7.4
Long Blades    | 4 5 7 9 11 12 | 12.2
Dodging        | 1 |  1.1
Stealth        | 1 |  1.3
Invocations    | |  0.2
Evocations     | |  0.1

Action                     |  1- 3 |  4- 6 |  7- 9 | 10-12 || total
---------------------------+-------+-------+-------+-------++-------
  Melee: Long sword        |    60 |   139 |   322 |   177 ||   698
         Headbutt          |    10 |    20 |    75 |    37 ||   142
 Invoke: Heroism           |       |       |     1 |     2 ||     3
  Evoke: Wand              |       |       |       |     2 ||     2
    Use: Scroll            |       |     4 |       |    13 ||    17
         Potion            |       |     1 |     3 |     1 ||     5
 Armour: Scale mail        |    24 |    29 |       |       ||    53
         Plate armour      |       |    81 |   265 |    68 ||   414
  Dodge: Dodged            |    29 |    61 |   121 |    37 ||   248
  Block: Buckler           |    14 |    39 |    81 |     3 ||   137
         Kite shield       |       |       |       |    66 ||    66
